 Dungeon Crawl Stone Soup version 0.29.0-4-gdea44cf6ec (webtiles) character file.

Game seed: 6131744277523944813

95 qw the Chopper (level 4, -13/26 HPs)
             Began as a Tengu Warper on Aug 28, 2022.
             Mangled by an ogre
             ... wielding a +0 giant club
              (14 damage)
             ... on level 3 of the Dungeon.
             The game lasted 00:00:16 (2886 turns).

qw the Chopper (Tengu Warper)                       Turns: 2886, Time: 00:00:17

Health: -13/26     AC: 12    Str: 16    XL:     4   Next: 66%
Magic:  8/8        EV: 11    Int: 17    God:
Gold:   129        SH:  0    Dex: 13    Spells: 7/7 levels left

rFire   . . .      SeeInvis .   Y - +2 war axe (vorpal)
rCold   + + +      Faith    .   (no shield)
rNeg    . . .      Spirit   .   f - +5 ring mail of the Fisher {Drain rC+++ Str+4 Slay+3}
rPois   .          Reflect  .   (helmet restricted)
rElec   .          Harm     .   (no cloak)
rCorr   .          Rampage  .   c - +1 pair of gloves
Will    .....                   (boots unavailable)
Stlth   +.........              (no amulet)
HPRegen 0.08/turn               (no ring)
MPRegen 0.11/turn               (no ring)

@: no status effects
A: beak, talons 3, clever 1, mutation resistance 1
a: no special abilities


You were on level 3 of the Dungeon.
You visited 1 branch of the dungeon, and saw 4 of its levels.

You collected 129 gold pieces.


Innate Abilities, Weirdness & Mutations

You have a beak for a mouth.
You have claws for feet.
Your mind is acute. (Int +4, Str/Dex -1)
You are somewhat resistant to further mutation.


   Skills:
 - Level 2.0 Fighting
 + Level 5.2 Axes
 - Level 1.0 Throwing
 - Level 1.1 Armour
 - Level 2.1 Dodging
 - Level 2.0 Spellcasting
 - Level 2.4 Translocations


You had 7 spell levels left.
You didn't know any spells.
Your spell library contained the following spells:

 Spells                   Type           Power      Damage    Failure   Level
 Blink                    Tloc           18%        N/A       22%         2
 Gell's Gravitas          Tloc           9%         N/A       38%         3
 Lesser Beckoning         Tloc           9%         N/A       38%         3
 Teleport Other           Tloc           9%         N/A       38%         3
 Manifold Assault         Tloc           9%         N/A       98%         5

Inventory:

Hand Weapons
 k - a +0 whip
 Y - a +2 vorpal war axe (weapon)
Missiles
 g - 3 boomerangs (quivered)
Armour
 c - a +1 pair of gloves (worn)
 f - the +5 ring mail of the Fisher (worn) {Drain rC+++ Str+4 Slay+3}
   (You found it on level 2 of the Dungeon)

   Str:       It affects your strength (+4).
   Slay:      It affects your accuracy & damage with ranged weapons and melee
   (+3).
   rC:        It renders you almost immune to cold.
   Drain:     It drains your maximum health when unequipped.
 q - a +0 chain mail of poison resistance
Potions
 b - a potion of curing {unknown}
 e - a potion of resistance
 h - a potion of invisibility {unknown}
 i - a potion of degeneration {unknown}
 l - a potion of might
 m - a potion of mutation
 n - a potion of lignification {unknown}
 p - a potion of brilliance {unknown}

Dungeon Overview and Level Annotations

Branches:
Dungeon (4/15)
 Temple: D:4-7

Altars:
Ashenzari
Elyvilon
Gozag
Qazlal
Uskayaw


Message History

There are monsters nearby!
Existing waypoints: (1) D:2 (2) D:3 Assign waypoint to what number? (0-9, D - delete waypoint) Waypoint 1 re-assigned from D:2 to D:4.
Enter note: Throw: 3 boomerangs
Press: ? - help, Q - select action Shift-Dir - straight line, f - ogre You throw a boomerang.
The boomerang hits the ogre.
The ogre is moderately wounded.
Throw: 3 boomerangs
Press: ? - help, Q - select action Shift-Dir - straight line, f/p - ogre You throw a boomerang.
The boomerang closely misses the ogre.
Throw: 3 boomerangs
Press: ? - help, Q - select action Shift-Dir - straight line, f/p - ogre You throw a boomerang.
The boomerang hits the ogre.
The ogre is moderately wounded.
An orc comes into view. It is wielding a +0 dagger.
The orc shouts!
You hear a shout!
A kobold comes into view. It is wielding a +0 short sword.
An orc comes into view. It is wielding a +0 dagger.
The hound bites you.
2883 ||| STAIRDANCE The orc shouts!
You hear a shout!
The ogre barely misses you. The hound bites you.
You climb upwards.
There is a stone staircase leading down here.
You barely miss the ogre.
The ogre is moderately wounded.
You slash the hound! The hound barely misses you.
The ogre hits you with a +0 giant club!!
Ouch! That really hurt!
The hound bites you but does no damage.
You barely miss the hound. Your peck misses the hound.
The hound is heavily wounded.
You slash the ogre! The hound bites you but does no damage.
The ogre hits you with a +0 giant club!
Ouch! That really hurt!
You die...

#¤###......###.# #.#########
¤.........)..#.# #...#.....#
¤............#.######.#.###.#
#.###.....#....#......#<..#.#
#.#.#.....#....#.######.#.#.#
#.#.#.....#....#.# #.#.#.#
..........+......# #...#.#
....#.....#...##h# #####.#
....+..........O@# #.#
....#####.##.##### #.# ###.#
###.##.######### #.# #.#
#......#.......# #.# #.#
#...#..#....##.# #.#
#.#######......).#.# #.#
#.......#....#.#.#.######.#
#######.#......#........#.#
#.##.#.....#.####.#.#


You could see an ogre and a hound.

Vanquished Creatures
  2 adders (D:2)
  2 worms
  A dart slug (D:3)
  An orc (D:3)
  2 ball pythons
  8 bats
  6 endoplasms
  3 giant cockroaches
  3 goblins (D:1)
  14 hobgoblins
  4 kobolds
  3 quokkas
  6 frilled lizards
  8 rats
63 creatures vanquished.

Vanquished Creatures (others)
  3 plants (D:1)
3 creatures vanquished.

Grand Total: 66 creatures vanquished

Notes
Turn   | Place    | Note
-------+----------+-------------------------------------------
     0 | D:1      | qw the Tengu Warper began the quest for the Orb.
     0 | D:1      | Reached XP level 1. HP: 12/12 MP: 4/4
     0 | D:1      | 0 ||| qw: Version: 0.1-a-89-g26bdef1
     0 | D:1      | 0 ||| qw: Game counter: 1705
     0 | D:1      | 0 ||| qw: Always use a shield: true
     0 | D:1      | 0 ||| qw: God list: Okawaru
     0 | D:1      | 0 ||| qw: Allow faded altars: false
     0 | D:1      | 0 ||| qw: Do Orc after D:15 true
     0 | D:1      | 0 ||| qw: Do second Lair branch before Depths: true
     0 | D:1      | 0 ||| qw: Lair rune preference: random
     0 | D:1      | 0 ||| qw: Plans: Normal
     0 | D:1      | 0 ||| PLANNING D:1-11
    30 | D:1      | 30 ||| Stepping ~*~*~tactically~*~*~ (stealth).
    37 | D:1      | 37 ||| Stepping ~*~*~tactically~*~*~ (stealth).
   208 | D:1      | 208 ||| Stepping ~*~*~tactically~*~*~ (stealth).
   209 | D:1      | 209 ||| Stepping ~*~*~tactically~*~*~ (stealth).
   216 | D:1      | Reached skill level 3 in Axes
   216 | D:1      | Reached XP level 2. HP: 17/17 MP: 6/6
   241 | D:1      | 241 ||| Stepping ~*~*~tactically~*~*~ (stealth).
   256 | D:1      | 256 ||| Stepping ~*~*~tactically~*~*~ (stealth).
   296 | D:1      | 296 ||| Stepping ~*~*~tactically~*~*~ (stealth).
   372 | D:1      | 372 ||| Stepping ~*~*~tactically~*~*~ (stealth).
   375 | D:1      | Reached XP level 3. HP: 21/21 MP: 7/7
   401 | D:1      | 401 ||| Stepping ~*~*~tactically~*~*~ (stealth).
   402 | D:1      | 402 ||| Stepping ~*~*~tactically~*~*~ (stealth).
   521 | D:1      | Reached skill level 4 in Axes
   591 | D:1      | Found a faded altar of an unknown god.
   902 | D:1      | 902 ||| UPGRADING to +0 chain mail.
   912 | D:1      | 912 ||| DROPPING +0 leather armour.
   913 | D:1      | 913 ||| READING 2 scrolls labelled LIMUEM RELLUQI.
   914 | D:1      | 914 ||| READING scroll labelled MUCROR HOATSONNIWN.
   915 | D:1      | 915 ||| READING scroll labelled JOUGEI QOASOUWN.
   916 | D:1      | 916 ||| READING scroll labelled QAODOMN SACLAI.
   917 | D:1      | 917 ||| READING scroll labelled XINNOU DIRGHO.
   918 | D:1      | 918 ||| READING scroll labelled FEMI JISIQ FOPUER.
   919 | D:1      | 919 ||| DROPPING scroll of blinking.
   920 | D:1      | 920 ||| Stepping randomly (stuck).
   921 | D:1      | 921 ||| Stepping ~*~*~tactically~*~*~ (cloud).
  1343 | D:2      | 1343 ||| Stepping ~*~*~tactically~*~*~ (stealth).
  1350 | D:2      | Reached XP level 4. HP: 26/26 MP: 8/8
  1521 | D:2      | Identified the +5 ring mail of the Fisher {Drain rC+++
                  | Str+4 Slay+3}
  1943 | D:2      | 1943 ||| UPGRADING to +0 pair of gloves.
  1948 | D:2      | 1948 ||| UPGRADING to +5 ring mail of the Fisher {Drain
                  | rC+++ Str+4 Slay+3}.
  1958 | D:2      | 1958 ||| DROPPING +0 chain mail.
  1959 | D:2      | 1959 ||| READING scroll of enchant armour.
  1959 | D:2      | 1959 ||| ENCHANTING +0 pair of gloves.
  1960 | D:2      | 1960 ||| DRINKING 2 bubbling green potions.
  1961 | D:2      | 1961 ||| DRINKING 2 fuming red potions.
  1984 | D:3      | Found a broken altar of Ashenzari.
  1984 | D:3      | Found a stormy altar of Qazlal.
  2052 | D:3      | Reached skill level 5 in Axes
  2111 | D:3      | Found a white marble altar of Elyvilon.
  2123 | D:3      | 2123 ||| Stepping ~*~*~tactically~*~*~ (hiding).
  2480 | D:3      | 2480 ||| SWAPPING to +0 war axe.
  2481 | D:3      | 2481 ||| DROPPING +0 hand axe.
  2505 | D:3      | 2505 ||| SWAPPING to +2 vorpal war axe.
  2506 | D:3      | 2506 ||| DROPPING +0 war axe.
  2667 | D:3      | Found a hide-covered altar of Uskayaw.
  2668 | D:3      | Found an opulent altar of Gozag.
  2853 | D:3      | 2853 ||| READING scroll labelled FAPNUE ADAR.
  2857 | D:3      | 2857 ||| READING scroll labelled GEVOCK FE JEPH.
  2858 | D:3      | 2858 ||| READING scroll labelled MIFEUPU ZICWY.
  2859 | D:3      | 2859 ||| DRINKING 2 metallic emerald potions.
  2859 | D:3      | Gained mutation: You are somewhat resistant to further
                  | mutation. [potion of mutation]
  2859 | D:3      | Gained mutation: Your mind is acute. (Int +4, Str/Dex -1)
                  | [potion of mutation]
  2878 | D:4      | Noticed an ogre
  2883 | D:4      | 2883 ||| STAIRDANCE
  2885 | D:3      | HP: 1/26 [ogre/+0 giant club (22)]
  2886 | D:3      | Mangled by an ogre

Levels and vault maps discovered:
D:1:      dpeg_arrival_ratfight, layout_basic,
          hellmonk_ecumenical_altar_leap_of_faith, serial_bayou_lagoon_a,
          hex_medium
D:2:      layout_basic, st_stairs_7, chequers_decorated_corner
D:3:      layout_basic, nicolae_elyvilon_peaceful_grove,
          grunt_temple_overflow_open, mainiacjoe_overflow_divided_tiny,
          minmay_misc_feat_nine_boxes
D:4:      layout_cave_pools, grunt_temple_overflow_champion_of_chaos,
          mainiacjoe_overflow_cross_hatched, chequers_big_river,
          grunt_ministairs_1, kennysheep_cross_bottleneck

Skill      XL: |  1  2  3  4 |
---------------+-------------+-----
Axes           | 3 4 5 |  5.2
Fighting       | |  2.0
Throwing       | |  1.0
Armour         | |  1.1
Dodging        | |  2.1
Spellcasting   | |  2.0
Translocations | |  2.4

Action                   |  1- 3 |  4- 6 || total
-------------------------+-------+-------++-------
Melee: Hand axe          |    51 |    31 ||    82
       Kick              |    14 |    12 ||    26
       Peck              |     8 |     4 ||    12
       War axe           |       |     3 ||     3
Throw: Boomerang         |    49 |    32 ||    81
  Use: Scroll            |     6 |     4 ||    10
       Potion            |       |     3 ||     3
Armor: Leather armour    |     5 |       ||     5
       Chain mail        |     6 |    10 ||    16
       Ring mail         |       |     5 ||     5
Dodge: Dodged            |    19 |    15 ||    34

Table legend:
 A = Non-vault XP
 B = Vault XP
 C = Vault XP percentage of total XP
 D = Non-vault monster count
 E = Vault monster count
 F = Vault count percentage of total count
                 A         B        C        D         E       F
            +---------+---------+-------+---------+---------+-------
      Total |     130 |       7 |   5.1 |      57 |       6 |   9.5
            +---------+---------+-------+---------+---------+-------
        D:1 |      46 |       5 |   9.8 |      27 |       5 |  15.6
        D:2 |      58 |       2 |   3.3 |      18 |       1 |   5.3
        D:3 |      26 |       0 |   0.0 |      12 |       0 |   0.0
            +---------+---------+-------+---------+---------+-------
